 Dungeon Crawl Stone Soup version 0.30-a0-862-g1aabd4f9c5 (webtiles) character file.

Game seed: 5523552331427174053

23044 boopmooplesden the Impaler (level 12, -1/112 HPs)
             Began as a Minotaur Fighter on Mar 8, 2023.
             Was a High Priest of Trog.
             Slain by a centaur warrior (6 damage)
             ... while paralysed by an ogre mage
             ... on level 13 of the Dungeon.
             The game lasted 00:22:26 (13325 turns).

boopmooplesden the Impaler (Minotaur Fighter)      Turns: 13325, Time: 00:22:27

Health: -1/112     AC: 21    Str: 26    XL:     12   Next: 68%
Magic:  11/11      EV:  2    Int:  5    God:    Trog [*****.]
Gold:   484        SH:  0    Dex: 10    Spells: 11/11 levels left

rFire   . . .      SeeInvis .    U - +2 halberd
rCold   . . .      Faith    .    (shield currently unavailable)
rNeg    . . .      Spirit   .    W - +0 plate armour
rPois   .          Reflect  .    (helmet restricted)
rElec   .          Rampage  .    O - +0 cloak
rCorr   .                        (no gloves)
Will    .....                    (no boots) Stlth
                                 (no amulet)
HPRegen 0.38/turn                s - +4 ring of protection
MPRegen 0.12/turn                (no ring)

@: paralysed, about to teleport, on berserk cooldown, slowed
A: horns 2, retaliatory headbutt
a: Renounce Religion, Berserk, Trog's Hand, Brothers in Arms


You were on level 13 of the Dungeon.
You worshipped Trog.
Trog was extremely pleased with you.
You visited 1 branch of the dungeon, and saw 13 of its levels.
You also visited: Sewer, Ossuary and Bailey.

You collected 1035 gold pieces.
You spent 551 gold pieces at shops.

Inventory:

Hand Weapons
 a - a +4 trident
 h - a +0 spear
 E - a +1 spear of flaming
 I - a +0 halberd of protection
 U - a +2 halberd (weapon)
 V - the +4 long sword of the Riding Visionary {flame, *Slow rC+ Str+3 Stlth+}
   (You bought it in a shop on level 12 of the Dungeon)

   Str:       It affects your strength (+3).
   rC:        It protects you from cold.
   *Slow:     It may slow you when you take damage.
   Stlth:     It makes you more stealthy.
Missiles
 B - a throwing net (quivered)
Armour
 b - a +0 scale mail
 c - a +0 buckler
 j - a +2 chain mail
 k - an orb of mayhem
 O - a +0 cloak (worn)
 R - the +0 leather armour of the Villain {rN+ Regen+ rCorr Dex-3}
   (You found it on level 9 of the Dungeon)

   Dex:       It affects your dexterity (-3).
   rN:        It protects you from negative energy.
   Regen:     It increases your rate of health regeneration.
   rCorr:     It protects you from acid and corrosion.
 W - a +0 plate armour (worn)
Jewellery
 p - a +6 ring of intelligence
 r - an amulet of guardian spirit
 s - a +4 ring of protection (left hand)
 u - an amulet of magic regeneration
 D - a ring of see invisible
 F - a ring of protection from fire
 Q - a +6 ring of dexterity
 S - a +4 ring of protection
Wands
 w - a wand of roots (11)
 x - a wand of digging (7)
 C - a wand of mindburst (33)
 J - a wand of flame (56)
 L - a wand of paralysis (20)
Scrolls
 g - 2 scrolls of magic mapping
 m - 12 scrolls of identify
 n - 2 scrolls of fear
 o - 3 scrolls of poison
 y - 12 scrolls of teleportation
 H - 3 scrolls of amnesia
 K - 2 scrolls of enchant weapon
 N - 2 scrolls of enchant armour
 Y - a scroll of silence {unknown}
Potions
 d - 3 potions of might
 e - 2 potions of brilliance
 f - 2 potions of berserk rage {unknown}
 i - 2 potions of attraction {unknown}
 l - 10 potions of curing {unknown}
 q - 5 potions of heal wounds {unknown}
 t - 4 potions of mutation {unknown}
 v - 6 potions of lignification {unknown}
 z - a potion of invisibility
 A - 3 potions of resistance {unknown}
 G - 3 potions of magic {unknown}
 M - a potion of haste {unknown}
 P - 3 potions of degeneration
 T - 2 potions of flight {unknown}
 X - 6 potions of ambrosia


   Skills:
 + Level 12.1 Fighting
 + Level 16.4 Polearms
 + Level 13.8 Armour
 + Level 7.0 Dodging
 + Level 2.1 Stealth
 + Level 4.5 Shields


You had 11 spell levels left.
You didn't know any spells.
Your spell library contained the following spells:

 Spells                   Type           Power      Damage    Failure   Level
 Summon Small Mammal      Summ           0%         N/A       98%         1
 Call Canine Familiar     Summ           0%         N/A       100%        3
 Summon Guardian Golem    Hex/Summ       0%         N/A       100%        3


Dungeon Overview and Level Annotations

Branches:
Dungeon (13/15)            Temple (0/1) D:6            Lair (0/5) D:11
    Orc (0/2) D:11         Vaults (0/5) D:13          Sewer (visited)
Ossuary (visited)          Bailey (visited)

Altars:
Ashenzari
Nemelex Xobeh
Sif Muna
Trog
Xom
The Shining One

Shops:
D:7 *   D:11 [([   D:12 (

Portals:
Trove: D:12 (give horn of Geryon)


Innate Abilities, Weirdness & Mutations

You have a pair of horns on your head.
You reflexively headbutt those who attack you in melee.


Message History

The centaur warrior hits you!
* * * LOW HITPOINT WARNING * * *
The centaur warrior barely misses you. The manticore closely misses you.
The manticore claws you.
* * * LOW HITPOINT WARNING * * *
The manticore closely misses you.
The centaur warrior hits you but does no damage.
The centaur warrior misses you.
As you read the scroll of fear, it crumbles to dust.
You assume a fearsome visage.
The slime creature resists with some effort.
The orc knight looks frightened!
The centaur warrior resists with some effort.
The manticore looks frightened!
The deep elf archer looks frightened!
The centaur warrior looks frightened!
The boulder beetle looks frightened!
The ogre mage resists with almost no effort.
The ogre mage is no longer petrified.
The centaur warrior hits you!
* * * LOW HITPOINT WARNING * * *
The centaur warrior kicks you but does no damage.
The centaur warrior cries, "Oh dear!
Oh dear!"
The boulder beetle leaps!
The slime creature completely misses you.
The centaur warrior hits you but does no damage.
The centaur warrior kicks you but does no damage.
The boulder beetle leaps!
As you read the scroll of teleportation, it crumbles to dust.
You feel strangely unstable.
The centaur warrior hits you but does no damage.
The centaur warrior kicks you but does no damage.
The slime creature hits you!
* * * LOW HITPOINT WARNING * * *
The centaur warrior hits you but does no damage.
The centaur warrior kicks you but does no damage.
The ogre mage casts a spell at you.
You suddenly lose the ability to move!
The slime creature hits you but does no damage.
The centaur warrior hits you but does no damage.
The centaur warrior kicks you but does no damage.
The centaur warrior hits you.
You die...

.....##...........#######....####
.....##...........# #....#
..........#####...# #....#
..........# #...# #....#
##.....^..# #H..# #....#
#........# #...# #....####
#........# #...#######........
##........#####..................
...............e@c...............
...............JO####............
.................## #............
#..........####...###............
#...###..........................
#...# #.....####o#####...........
#...# #.....#B.....OH#...........
#...# #.....#Qo.....c#.......####
#...# #.....#.$)):!.c#.......#


You could see an orc knight (fleeing), a slime creature, a centaur warrior, an
ogre mage, a deep elf archer (repels missiles, petrified, fleeing) and a
manticore (fleeing).

Vanquished Creatures
  A vault guard (Bailey)
  2 centaur warriors (D:13)
  A catoblepas (D:13)
  2 dancing weapons (D:13)
  A two-headed ogre (D:8)
  A boulder beetle (D:11)
  Nergalle (D:11)
  A manticore (D:12)
  Maurice (D:13)
  An unseen horror (D:11)
  A komodo dragon (D:12)
  A queen bee (D:11)
  Prince Ribbit (D:7)
  7 trolls
  The ghost of Zenkrye the Poker, an amateur HuCA of Ignis (D:6)
  A hornet (D:10)
  A blink frog (Bailey)
  Sigmund (D:4)
  9 slime creatures (D:12)
  2 vampires
  6 wraiths
  4 yaks (D:9)
  7 humans (Bailey)
  A basilisk (D:11)
  2 steam dragons
  6 vampire mosquitoes
  Menkaure (D:5)
  A water moccasin (D:6)
  2 acid dragons (D:12)
  12 orc warriors
  A black bear (D:5)
  An ice beast (D:8)
  4 ogres
  5 boggarts (D:12)
  4 centaurs
  3 phantoms (D:6)
  6 kobold brigands
  9 bullfrogs
  3 scorpions
  A wyvern zombie (D:6)
  2 gnoll sergeants
  7 water moccasin zombies
  A water moccasin skeleton (D:6)
  4 wights (D:10)
  30 killer bees
  6 howler monkeys
  4 crimson imps (D:6)
  3 hounds
  2 bullfrog zombies (D:6)
  2 jellies
  2 bullfrog skeletons (D:6)
  A centaur skeleton (D:6)
  5 gnoll boudas
  9 orc priests
  2 sleepcaps
  6 iguanas
  10 orc wizards
  2 mummies (Ossuary)
  23 gnolls
  A howler monkey skeleton (D:6)
  14 adders
  4 river rats
  An ufetubus (D:4)
  3 adder zombies (Ossuary)
  6 worms
  A dart slug (D:5)
  33 orcs
  10 ball pythons
  3 bats
  7 endoplasms
  5 giant cockroaches
  3 gnoll zombies (Ossuary)
  14 goblins
  7 hobgoblins
  6 jackals
  7 quokkas
  5 frilled lizards
  A goblin zombie (D:7)
  8 hobgoblin zombies (Ossuary)
  16 kobolds
  3 kobold zombies (Ossuary)
  7 orc zombies (Ossuary)
  12 rats
  A rat zombie (D:7)
415 creatures vanquished.

Vanquished Creatures (collateral kills)
  A human (Bailey)
  A phantom (D:6)
  A howler monkey (D:7)
  3 gnolls
  A shadow imp (D:5)
  6 orcs
  A bat (D:2)
  A jackal (Sewer)
  A frilled lizard (Sewer)
  A goblin (Bailey)
  5 kobolds
  5 rats
27 creatures vanquished.

Vanquished Creatures (others)
  A gnoll sergeant (D:9)
  4 killer bees (D:8)
  An orc wizard (D:9)
  A gnoll (D:8)
  4 orcs
  A ball python (Sewer)
  A rat (D:2)
  6 fungi (D:13)
  21 plants
  10 withered plants (D:6)
50 creatures vanquished.

Grand Total: 492 creatures vanquished

Notes
Turn   | Place    | Note
-------+----------+-------------------------------------------
     0 | D:1      | boopmooplesden the Minotaur Fighter began the quest for the
                  | Orb.
     0 | D:1      | Reached XP level 1. HP: 19/19 MP: 0/0
   129 | D:1      | Reached XP level 2. HP: 27/27 MP: 1/1
   507 | D:2      | Found a bloodstained altar of Trog.
   526 | D:2      | Found a faded altar of an unknown god.
   629 | D:2      | Reached XP level 3. HP: 33/33 MP: 2/2
  1231 | D:3      | Reached XP level 4. HP: 40/40 MP: 3/3
  1327 | D:3      | Reached skill level 3 in Polearms
  1472 | D:3      | Reached skill level 1 in Dodging
  1481 | D:3      | Reached XP level 5. HP: 31/46 MP: 4/4
  1882 | D:4      | Reached skill level 5 in Armour
  1911 | D:4      | Reached skill level 4 in Polearms
  2140 | D:4      | Reached XP level 6. HP: 47/53 MP: 5/5
  2182 | D:4      | Noticed Sigmund
  2202 | D:4      | Killed Sigmund
  2203 | D:4      | Reached skill level 5 in Polearms
  2379 | D:4      | Found a sparkling altar of Nemelex Xobeh.
  2415 | D:5      | Entered Level 5 of the Dungeon
  2473 | D:5      | Noticed Menkaure
  2480 | D:5      | Killed Menkaure
  2481 | D:5      | Reached XP level 7. HP: 60/60 MP: 6/6
  2523 | D:5      | Reached skill level 6 in Polearms
  2606 | D:5      | Reached skill level 5 in Fighting
  2879 | D:5      | Found a glowing drain.
  2884 | Sewer    | Entered a sewer
  3020 | Sewer    | Reached skill level 7 in Polearms
  3197 | Sewer    | Reached XP level 8. HP: 68/68 MP: 7/7
  3342 | D:5      | Noticed a moth of wrath
  3345 | D:5      | Found a bloodstained altar of Trog.
  3373 | D:5      | Became a worshipper of Trog the Wrathful
  3423 | D:5      | Found a glowing golden altar of the Shining One.
  3487 | D:6      | Noticed Zenkrye's ghost (amateur HuCA)
  3491 | D:6      | Found a runed translucent door.
  3520 | D:6      | Killed Zenkrye's ghost
  3549 | D:6      | Reached skill level 8 in Polearms
  3756 | D:6      | Reached * piety under Trog
  3757 | D:6      | Reached skill level 9 in Polearms
  3996 | D:6      | Reached XP level 9. HP: 62/77 MP: 8/8
  4104 | D:6      | Found a shimmering altar of Xom.
  4428 | D:6      | Found a staircase to the Ecumenical Temple.
  4487 | D:6      | Reached skill level 10 in Polearms
  4719 | D:7      | Found a broken altar of Ashenzari.
  4875 | D:7      | Found a sand-covered staircase.
  4890 | Ossuary  | Entered an ossuary
  4920 | Ossuary  | Reached ** piety under Trog
  5238 | D:7      | Found a shimmering blue altar of Sif Muna.
  5456 | D:7      | Noticed Prince Ribbit
  5473 | D:7      | Killed Prince Ribbit
  5474 | D:7      | Reached skill level 11 in Polearms
  5784 | D:7      | Found Ighaoram's Assorted Antiques.
  5799 | D:7      | Bought a scroll labelled DIRPHU YRRIAWKORE for 26 gold
                  | pieces
  5924 | D:8      | Reached skill level 10 in Armour
  6098 | D:8      | Noticed a two-headed ogre
  6109 | D:8      | Killed a two-headed ogre
  6110 | D:8      | Reached skill level 12 in Polearms
  6110 | D:8      | Reached XP level 10. HP: 67/88 MP: 9/9
  6943 | D:8      | Reached *** piety under Trog
  7742 | D:9      | Identified the +0 leather armour of the Villain {rN+ Regen+
                  | rCorr Dex-3}
  7838 | D:10     | Entered Level 10 of the Dungeon
  7889 | D:10     | Found a flagged portal.
  7906 | Bailey   | Entered a bailey
  7914 | Bailey   | Reached skill level 13 in Polearms
  8172 | Bailey   | Reached **** piety under Trog
  8173 | Bailey   | Reached skill level 1 in Stealth
  8178 | Bailey   | Reached XP level 11. HP: 95/95 MP: 10/10
  8264 | Bailey   | Noticed a vault guard
  8277 | Bailey   | Killed a vault guard
  8800 | D:10     | Paralysed by a hornet for 2 turns
  9717 | D:11     | Noticed a boulder beetle
  9738 | D:11     | Killed a boulder beetle
  9830 | D:11     | You fall into a shaft and drop 2 floors!
  9844 | D:13     | Reached skill level 14 in Polearms
 10281 | D:13     | Noticed a centaur warrior
 10281 | D:13     | Noticed a boulder beetle
 10281 | D:13     | Noticed a catoblepas
 10281 | D:13     | Noticed an ogre mage
 10282 | D:13     | Noticed a deep elf archer
 10285 | D:13     | Noticed a centaur warrior
 10294 | D:13     | Killed a centaur warrior
 10297 | D:13     | Noticed an orc knight
 10297 | D:13     | Noticed a centaur warrior
 10399 | D:13     | Reached skill level 5 in Dodging
 10465 | D:13     | Noticed a +4 long sword
 10466 | D:13     | Found a gate to the Vaults.
 10467 | D:13     | Noticed a +2 long sword
 10470 | D:13     | Killed a +4 long sword
 10471 | D:13     | Reached skill level 10 in Fighting
 10476 | D:13     | Killed a +2 long sword
 10548 | D:13     | Noticed a centaur warrior
 10557 | D:13     | Killed a centaur warrior
 10634 | D:13     | Reached skill level 15 in Polearms
 10707 | D:12     | Reached XP level 12. HP: 65/108 MP: 11/11
 10947 | D:12     | Found a portal to a secret trove of treasure.
 11042 | D:12     | Noticed a two-headed ogre
 11043 | D:12     | Noticed a boulder beetle
 11051 | D:12     | Noticed a two-headed ogre
 11134 | D:12     | Reached ***** piety under Trog
 11413 | D:12     | Found Fefif's Weapon Shoppe.
 11472 | D:12     | Bought the +4 long sword of the Riding Visionary {flame,
                  | *Slow rC+ Str+3 Stlth+} for 525 gold pieces
 11569 | D:11     | Noticed Nergalle
 11582 | D:11     | Killed Nergalle
 11592 | D:11     | Found Uhyex's Weapon Shop.
 11594 | D:11     | Found a staircase to the Orcish Mines.
 11717 | D:11     | Found Oraicw's Armour Emporium.
 11784 | D:11     | Found Ydeafis's Armour Shop.
 11807 | D:11     | Reached skill level 16 in Polearms
 12400 | D:11     | Found a staircase to the Lair.
 12650 | D:13     | Noticed Maurice
 12670 | D:13     | Killed Maurice
 13321 | D:13     | Killed a catoblepas
 13324 | D:13     | HP: 5/112 [slime creature (7)]
 13324 | D:13     | Paralysed by an ogre mage for 3 turns
 13325 | D:13     | Slain by a centaur warrior

Illustrated notes

Levels and vault maps discovered:
D:1:      wander_arrival_chamber, layout_rooms, solitary_fountain
D:2:      layout_rooms, dreamdust_ecumenical_altar_hidden_monk_grotto,
          basic_altar
D:3:      minmay_chambers_of_twos, layout_rooms, minmay_crystal_room
D:4:      layout_basic, nemelex_diamond_rough_becter, minmay_misc_feat_tiny,
          uniq_sigmund
D:5:      layout_rooms, mainiacjoe_overflow_alcove_4, tgw_trog,
          portal_sewer_entry_e, uniq_menkaure
D:6:      layout_loops_ring, led_xom_imps, minmay_temple_entry_overgrown,
          hellmonk_ghost_happy_afterlife, serial_undead, serial_undead_c,
          serial_undead_e, serial_undead_d, serial_undead_c, serial_undead_e,
          serial_undead_c, serial_undead_e, serial_undead_b
D:7:      layout_basic, mainiacjoe_overflow_paths, tgw_sif, serial_shops,
          kennysheep_little_box, enter_ossuary_4, palyth_stone_intersect,
          uniq_prince_ribbit1
D:8:      kennysheep_blocky_hall, layout_loops_cross,
          chequers_serial_rivers_micro_d, kennysheep_generic_room_16
D:9:      layout_roguey
D:10:     layout_cave_pods, enter_bailey_3, minmay_misc_feat_square
D:11:     layout_loops_ring, lair_entry_dummy, orc_david_3, serial_shops,
          nicolae_shop_temple_entry_statues_fountains, special_room
          [special_room_bee], blue_anna_alchemist, uniq_nergalle
D:12:     layout_gridville, enter_trove_1, kennysheep_small_circle
D:13:     kennysheep_seaside_town, layout_small_grid, erik_vaults_1,
          minivault_12, uniq_maurice

Skill      XL: |  1  2  3  4  5  6  7  8  9 10 11 12 |
---------------+-------------------------------------+-----
Armour         | 4 5 6 7 9 10 12 13 | 13.8
Shields        | 4 |  4.5
Fighting       | 4 5 6 7 8 10 12 | 12.1
Polearms       | 3 4 5 7 9 12 13 15 16 | 16.4
Dodging        | 1 2 3 4 6 7 |  7.0
Stealth        | 1 2 |  2.1

Action                     |  1- 3 |  4- 6 |  7- 9 | 10-12 || total
---------------------------+-------+-------+-------+-------++-------
  Melee: Trident           |    83 |   108 |   439 |   257 ||   887
         Headbutt          |    13 |    19 |    95 |   130 ||   257
         Halberd           |       |       |       |   438 ||   438
  Throw: Throwing net      |       |       |     1 |       ||     1
 Invoke: Berserk           |       |       |     2 |    17 ||    19
  Evoke: Wand              |       |       |       |     1 ||     1
    Use: Scroll            |     3 |     7 |     7 |     3 ||    20
   Stab: Distracted        |       |       |       |     3 ||     3
         Petrified         |       |       |       |     2 ||     2
 Armour: Chain mail        |    40 |    91 |   258 |   111 ||   500
         Scale mail        |     3 |       |       |       ||     3
         Leather armour    |       |       |       |   114 ||   114
         Plate armour      |       |       |       |   128 ||   128
  Dodge: Dodged            |    40 |    59 |   196 |   406 ||   701
  Block: Buckler           |     4 |       |       |       ||     4

Table legend: (Time is in decaauts)
 A = Elapsed time spent in this place.
 B = Non-inter-level travel time spent in this place.
 C = Inter-level travel time spent in this place.
 D = Time resting spent in this place.
 E = Time spent auto-exploring this place.
 F = Levels seen in this place.
 G = Mean time per level.
                   A        B        C        D        E       F      G
               +--------+--------+--------+--------+--------+-----+--------+
         Total |  13333 |  12977 |    356 |    574 |   8825 |  16 |  833.3 |
       Dungeon |  12279 |  11923 |    356 |    339 |   8499 |  13 |  944.5 |
         Sewer |    477 |    477 |      0 |      0 |    303 |   1 |  477.0 |
       Ossuary |    158 |    158 |      0 |      0 |      0 |   1 |  158.0 |
        Bailey |    418 |    418 |      0 |    235 |     23 |   1 |  418.0 |
               +--------+--------+--------+--------+--------+-----+--------+

Top non-repeatable levels by time:
    D:13: 1500 daAuts
    D:11: 1415 daAuts
     D:6: 1218 daAuts
     D:8: 1198 daAuts
    D:10: 1142 daAuts
    D:12: 985 daAuts
     D:7: 933 daAuts
     D:3: 867 daAuts
     D:9: 786 daAuts
     D:5: 659 daAuts
     D:4: 587 daAuts
     D:2: 497 daAuts
     D:1: 486 daAuts
   Sewer: 477 daAuts
  Bailey: 418 daAuts
